AoeStats
← The_Lord

Arena

508257625Analyzed
3v3 RM · 12d ago on Sep 21, 2026· 64m 9s· 6 players
Game mode
Random Map
Map size
Normal (6 player)
Population
200
Speed
Normal
Resources
Standard
Victory
Conquest
Starting age
Dark Age
Ending age
Imperial Age
RankedLock teamsTeams togetherTeam positionsShared explorationLock speedFull tech treeHidden civsTurbo modeCheats
Victory
Defeat
🇦🇹 Khmer · Austria
1334
+16
🇩🇪 Tupi · Germany
1294
+18
🇦🇹 Romans · Austria
1252
+21
🇩🇪 Italians · Germany
1358
-19
🇩🇪 Britons · Germany
1354
-19
🇩🇪 Goths · Germany
1304
-17
EZ WIN
10:54 Feudal Age
13:34 Castle Age
12:15 Double-Bit Axe
12:12 Horse Collar
15:36 Loom
21:56 Wheelbarrow
21:10 Town Watch
28:20 Imperial Age
27:07 Scale Barding Armor
29:36 Conscription
30:25 Chain Barding Armor
30:35 Gold Mining
30:58 Bow Saw
31:24 Double Crossbow
33:45 Plate Barding Armor
33:21 Forging
33:38 Ballistics
34:19 Chemistry
32:55 Light Cavalry
34:39 Siege Engineers
35:57 Bloodlines
35:13 Elite Ballista Elephant
36:01 Husbandry
35:21 Hussar
37:09 Cavalier
41:01 Iron Casting
40:45 Caravan
47:38 Blast Furnace
46:55 Hand Cart
46:41 Town Patrol
46:57 Fortified Wall
47:50 Elite Battle Elephant
48:35 Tusk Swords
Namun
9:40 Feudal Age
14:01 Castle Age
13:50 Double-Bit Axe
13:47 Horse Collar
15:11 Heavy Plow
18:24 Gold Mining
20:48 Bow Saw
20:29 Loom
21:08 Fervor
24:08 Stone Mining
28:28 Gold Shaft Mining
28:36 Wheelbarrow
27:49 Town Watch
31:00 Imperial Age
29:08 Ballistics
29:54 Hand Cart
31:41 Fletching
31:52 Padded Archer Armor
32:55 Chemistry
32:01 Siege Engineers
31:52 Murder Holes
32:08 Masonry
32:09 Fortified Wall
32:24 Conscription
33:25 Ballistas
33:22 Bodkin Arrow
33:42 Leather Archer Armor
34:51 Crop Rotation
35:31 Coinage
34:56 Heavy Scorpion
36:55 Ring Archer Armor
37:53 Town Patrol
45:14 Architecture
49:22 Pikeman
50:02 Squires
50:06 Scale Mail Armor
50:16 Forging
50:09 Halberdier
51:21 Chain Mail Armor
53:28 Iron Casting
53:33 Man-at-Arms
55:20 Blast Furnace
54:36 Long Swordsman
55:13 Legionary
60:51 Banking
Dragon
10:02 Feudal Age
14:48 Castle Age
13:13 Double-Bit Axe
14:34 Champi Runner
15:28 Scale Mail Armor
15:19 Horse Collar
17:31 Champi Warrior
20:08 Squires
22:29 Forging
26:48 Loom
30:18 Imperial Age
28:30 Bow Saw
28:24 Heavy Plow
29:00 Wheelbarrow
28:58 Gold Mining
32:11 Capped Ram
32:33 Elite Ibirapema Warrior
33:15 Squires
33:40 Arson
33:19 Siege Ram
38:54 Chain Mail Armor
39:14 Iron Casting
40:16 Conscription
40:49 Plate Mail Armor
42:11 Stone Mining
45:37 Fletching
45:47 Padded Archer Armor
46:10 Ballistics
46:50 Chemistry
45:14 Elite Blackwood Archer
47:06 Two-Man Saw
45:59 Elite Skirmisher
47:57 Bodkin Arrow
48:22 Hand Cart
48:07 Murder Holes
49:43 Crossbowman
50:36 Pikeman
52:06 Caravan
52:23 Elite Champi Warrior
52:47 Arbalester
54:20 Leather Archer Armor
55:04 Halberdier
56:37 Ring Archer Armor
56:08 Bracer
60:35 Caciques
The_Lord
0:37 Loom
11:23 Feudal Age
15:57 Castle Age
16:11 Horse Collar
16:18 Double-Bit Axe
18:02 Bow Saw
19:06 Heavy Plow
23:06 Man-at-Arms
23:53 Squires
23:41 Long Swordsman
27:03 Wheelbarrow
29:01 Hand Cart
32:40 Scale Mail Armor
32:51 Forging
32:09 Pikeman
33:05 Anarchy
35:42 Imperial Age
33:08 Town Watch
33:20 Gold Mining
33:58 Chain Mail Armor
34:55 Iron Casting
36:31 Perfusion
36:52 Conscription
36:02 Elite Huskarl
38:24 Halberdier
41:52 Blast Furnace
44:48 Two-Man Saw
55:27 Caravan
55:58 Two-Handed Swordsman
Guwe-Fuckin'-Rotz
10:18 Feudal Age
13:48 Castle Age
11:52 Double-Bit Axe
12:37 Horse Collar
15:24 Bow Saw
20:49 Wheelbarrow
22:10 Fletching
22:34 Gold Mining
22:34 Stone Mining
23:45 Bodkin Arrow
25:07 Padded Archer Armor
26:47 Hand Cart
26:22 Loom
30:07 Imperial Age
28:26 Town Watch
29:12 Leather Archer Armor
30:41 Masonry
31:56 Chemistry
31:16 Bracer
32:27 Ring Archer Armor
32:51 Hoardings
33:00 Architecture
33:28 Thumb Ring
33:57 Treadmill Crane
38:04 Ballistics
40:56 Stone Shaft Mining
45:13 Crossbowman
58:33 Light Cavalry
59:23 Bloodlines
59:13 Husbandry
Tumirnix
10:40 Feudal Age
14:27 Castle Age
12:19 Double-Bit Axe
13:37 Horse Collar
15:53 Bow Saw
15:45 Heavy Plow
20:08 Wheelbarrow
19:48 Loom
20:38 Gold Mining
22:24 Fletching
23:23 Scale Mail Armor
22:56 Man-at-Arms
23:37 Squires
23:43 Bodkin Arrow
24:55 Forging
30:02 Hand Cart
29:47 Stone Mining
31:58 Chain Mail Armor
32:20 Iron Casting
35:10 Imperial Age
32:57 Squires
32:42 Long Swordsman
34:02 Padded Archer Armor
35:04 Leather Archer Armor
35:55 Ballistics
35:28 Two-Handed Swordsman
36:40 Plate Mail Armor
36:35 Conscription
37:37 Blast Furnace
37:49 Yeomen
37:58 Bracer
37:32 Champion
38:19 Warwolf
40:59 Chemistry
40:05 Siege Engineers
42:09 Masonry
46:52 Scale Barding Armor
47:42 Husbandry
48:16 Chain Barding Armor
47:28 Light Cavalry
49:35 Plate Barding Armor
Connection lost

Rejoining the realm…

Still unreachable

The connection could not be restored.

Session expired

The server has moved on; the page needs a fresh start.